 Dungeon Crawl Stone Soup version 0.20.1-1-g8b1a95d (console) character file.

119 hilaritas the Slasher (level 4, -7/40 HPs)
             Began as a Centaur Monk on Oct 22, 2017.
             Was a Believer of Makhleb.
             Mangled by Crazy Yiuf
             ... wielding a +4 quarterstaff of chaos
              (11 damage)
             ... on level 2 of the Dungeon.
             The game lasted 00:05:41 (2220 turns).

hilaritas the Slasher (Centaur Monk)                Turns: 2220, Time: 00:05:42

Health: -7/40      AC:  6    Str: 15    XL:     4   Next: 74%
Magic:  0/3        EV: 10    Int:  9    God:    Makhleb [**....]
Gold:   86         SH:  0    Dex: 11    Spells: 3/3 levels left

rFire    . . .     SeeInvis .   a - +0 falchion
rCold    . . .     Gourm    .   (no shield)
rNeg     . . .     Faith    .   b - +0 robe
rPois    .         Spirit   .   (no helmet)
rElec    .         Reflect  .   (no cloak)
rCorr    .         Harm     .   h - +1 pair of gloves
MR       .....                  (no barding)
Stlth    +.........             (no amulet)
Regen    0.2/turn               (no ring)
MPRegen  0.1/turn               (no ring)

@: lethally poisoned (-7 -> -14), drained, very quick
A: hooves 3, deformed body, speed 2, low mp 1, tough skin 3, wild magic 1
a: Minor Destruction, Renounce Religion


You were on level 2 of the Dungeon.
You worshipped Makhleb.
Makhleb was pleased with you.
You were not hungry.

You visited 1 branch of the dungeon, and saw 2 of its levels.

You collected 86 gold pieces.

Inventory:

Hand Weapons
 a - a +0 falchion (weapon)
 d - a +0 dagger of holy wrath
 e - a +0 dagger
Armour
 b - a +0 robe (worn)
 h - a +1 pair of gloves (worn)
Jewellery
 i - a +3 ring of strength {unknown}
Scrolls
 j - a scroll of identify {unknown}
 m - a scroll of noise {unknown}
Potions
 l - a potion of invisibility {unknown}
Comestibles
 c - a bread ration
 f - 3 meat rations
 k - 4 chunks of flesh


   Skills:
 + Level 3.8(3.4) Fighting
 * Level 4.5(4.2) Long Blades
 - Level 2.1(1.8) Dodging
 - Level 1.1(0.8) Stealth


You had 3 spell levels left.
You didn't know any spells.

Dungeon Overview and Level Annotations

Branches:
Dungeon (2/15)

Altars:
Ashenzari
Elyvilon
Gozag
Makhleb
Sif Muna
Trog
Xom

Annotations:
D:2 Crazy Yiuf


Innate Abilities, Weirdness & Mutations

You have hooves in place of feet.
Armour fits poorly on your strangely shaped body.
You cover ground very quickly.
You have extremely tough skin. (AC +3)
Your magical capacity is low. (-10% MP)
Your spells are a little harder to cast, but a little more powerful.


Message History

Crazy Yiuf is moderately wounded.
Crazy Yiuf hits you with a quarterstaff of chaos!
You are poisoned.
You hit Crazy Yiuf. You kick Crazy Yiuf, but do no damage.
Crazy Yiuf is heavily wounded.
You feel sick.
Crazy Yiuf hits you with a quarterstaff of chaos!
You feel drained.
You barely miss Crazy Yiuf. You kick Crazy Yiuf.
Crazy Yiuf is severely wounded.
You feel sick.
Crazy Yiuf hits you with a quarterstaff of chaos!
* * * LOW HITPOINT WARNING * * *
You feel your power leaking away.
It was a potion of mutation.
You feel extremely strange.
You feel less energetic.
You feel less in control of your magic.
* * * LOW HITPOINT WARNING * * *
You feel sick.
Crazy Yiuf hits you with a quarterstaff of chaos!
You die...

#........##
#........#
#........#
#........#
####..†..# ###
#.....# #.. #####
#.##### #.. #)..#
#.# #.. #...# #.#
#.. #.g.# #.# #..
#@# #.# #.. ♣.♣♣
#.# ####.. ♣♣.♣
#.#####..... ♣.♣♣
#....##....> ♣♣.♣
#....##..... ♣♣.♣♣
#........... ♣♣.P.♣
#).......... ♣P.P.♣
#........... #....#
#...........
#....###.###.>.....
#..........#...####


You could see Crazy Yiuf.

Vanquished Creatures
  Terence (D:2)
  2 adders (D:2)
  An ooze (D:2)
  A worm (D:2)
  4 dart slugs
  6 bats
  6 giant cockroaches
  3 goblins
  12 hobgoblins
  2 jackals (D:2)
  4 kobolds
  A quokka (D:2)
  2 ball pythons
  5 frilled lizards (D:2)
  6 rats
56 creatures vanquished.

Notes
Turn   | Place    | Note
-------+----------+-------------------------------------------
     0 | D:1      | hilaritas the Centaur Monk began the quest for the Orb.
     0 | D:1      | Reached XP level 1. HP: 19/19 MP: 1/1
   367 | D:1      | Reached XP level 2. HP: 26/26 MP: 2/2
   388 | D:1      | Reached skill level 3 in Long Blades
  1056 | D:2      | Reached XP level 3. HP: 10/31 MP: 3/3
  1085 | D:2      | HP: 1/31 [poisoned by an adder]
  1632 | D:2      | Reached XP level 4. HP: 40/40 MP: 4/4
  1667 | D:2      | Reached skill level 4 in Long Blades
  1682 | D:2      | Noticed Terence
  1692 | D:2      | Killed Terence
  1949 | D:2      | Found a bloodstained altar of Trog.
  1950 | D:2      | Found a shimmering altar of Xom.
  1950 | D:2      | Found a shattered altar of Ashenzari.
  1952 | D:2      | Found a white marble altar of Elyvilon.
  1952 | D:2      | Found an opulent altar of Gozag.
  1963 | D:2      | Found a burning altar of Makhleb.
  1963 | D:2      | Found a deep blue altar of Sif Muna.
  1990 | D:2      | Became a worshipper of Makhleb the Destroyer
  1990 | D:2      | Reached * piety under Makhleb
  1990 | D:2      | Reached ** piety under Makhleb
  2204 | D:2      | Found a runed door.
  2208 | D:2      | Noticed Crazy Yiuf
  2220 | D:2      | Gained mutation: Your magical capacity is low. (-10% MP) [potion of mutation]
  2220 | D:2      | Gained mutation: Your spells are a little harder to cast, but a little more powerful. [potion of mutation]
  2220 | D:2      | Mangled by Crazy Yiuf

Skill      XL: |  1  2  3  4 |
---------------+-------------+-----
Long Blades    | 3 4 |  4.5
Fighting       | |  3.8
Dodging        | |  2.1
Stealth        | |  1.1

Action                   |  1- 3 |  4- 6 || total
-------------------------+-------+-------++-------
Melee: Falchion          |    92 |    59 ||   151
       Kick              |    20 |    18 ||    38
  Use: Potion            |     1 |     1 ||     2
 Stab: Sleeping          |     1 |       ||     1
       Distracted        |       |     1 ||     1
  Eat: Chunk             |     1 |     2 ||     3
Armor: Robe              |    30 |    18 ||    48
Dodge: Dodged            |    57 |    31 ||    88
       Rpst.: Falchion   |    20 |    13 ||    33
